 Dungeon Crawl Stone Soup version 0.29-a0-284-gf9362112df (webtiles) character file.

Game seed: 9527320519476573048

9832 horus123 the Fighter (level 11, -2/89 HPs)
             Began as a Djinni Cinder Acolyte on Mar 30, 2022.
             Was a High Priest of Ignis.
             Slain by an orc knight
             ... wielding a +1 battleaxe
              (3 damage)
             ... on level 11 of the Dungeon.
             The game lasted 00:26:49 (15418 turns).

horus123 the Fighter (Djinni Cinder Acolyte)       Turns: 15418, Time: 00:26:49

Health: -2/89      AC: 15    Str: 13    XL:     11   Next: 81%
Gold:   1111       EV: 11    Int: 20    God:    Ignis [*****.] SH:  0 Dex:  9

rFire   + + +      SeeInvis .   g - +2 rapier (elec)
rCold   . . .      Faith    .   (no shield)
rNeg    . . .      Spirit   .   b - +1 robe
rPois   ∞          Reflect  .   (no helmet)
rElec   .          Harm     .   (no cloak)
rCorr   .          Rampage  .   m - +2 pair of gloves
Will    +....                   (boots unavailable)
Stlth   +.........              (no amulet)
HPRegen 0.24/turn               o - ring of protection from cold
MPRegen 0.00/turn               F - ring of wizardry

@: ice-armoured, flying
A: sickness immunity, fire resistance 2, cold vulnerability 1, float, innate
caster, HP casting, extra vitality 1
a: Renounce Religion, Fiery Armour, Foxfire Swarm, Rising Flame


You were on level 11 of the Dungeon.
You worshipped Ignis.
Ignis was extremely pleased with you.
You visited 1 branch of the dungeon, and saw 11 of its levels.

You collected 1111 gold pieces.

Inventory:

Hand Weapons
 g - a +2 rapier of electrocution (weapon)
 B - a +0 shortbow
Armour
 b - a +1 robe (worn)
 m - a +2 pair of gloves (worn)
 A - a +3 leather armour
Jewellery
 a - a ring of positive energy
 o - a ring of protection from cold (left hand)
 F - a ring of wizardry (right hand)
Wands
 n - a wand of flame (14)
 v - a wand of paralysis (20)
 w - a wand of acid (8)
 x - a wand of charming (6)
 E - a wand of polymorph (1)
Scrolls
 c - 2 scrolls of immolation
 d - a scroll of identify
 i - 3 scrolls of holy word
 k - a scroll of fear
 l - 3 scrolls of amnesia
 s - 5 scrolls of teleportation
 u - a scroll of fog
 y - a scroll of summoning
 C - 2 scrolls of blinking
Potions
 e - 4 potions of lignification {unknown}
 h - 4 potions of brilliance {unknown}
 j - 4 potions of degeneration {unknown}
 p - a potion of flight {unknown}
 q - 2 potions of invisibility {unknown}
 r - 4 potions of attraction {unknown}
 t - a potion of resistance {unknown}
 z - a potion of mutation {unknown}
 G - 2 potions of haste {unknown}


   Skills:
 - Level 12.0 Fighting
 - Level 2.6 Long Blades
 + Level 10.8 Spellcasting


You had 15 spell levels left.
You knew the following spells:

 Your Spells              Type           Power      Damage    Failure   Level
a - Scorch                Fire           100%       2d10      1%          2
b - Shock                 Conj/Air       100%       1d9       1%          1
c - Static Discharge      Conj/Air       53%        N/A       1%          2
d - Ozocubu's Armour      Ice            53%        N/A       1%          3
e - Stone Arrow           Conj/Erth      100%       3d13      1%          3
f - Fireball              Conj/Fire      26%        3d12      1%          5
Your spell library was empty.

Dungeon Overview and Level Annotations

Branches:
Dungeon (11/15)            Temple (0/1) D:7            Lair (0/6) D:10
    Orc: D:9-12

Altars:
Dithmenos
Hepliaklqana
Kikubaaqudgha
Okawaru
Qazlal
Ru
Trog
Uskayaw
Xom
Yredelemnul
The Shining One


Innate Abilities, Weirdness & Mutations

You are immune to sickness and miasma.
You are immune to poison.
Your flesh is very heat resistant. (rF++)
You are vulnerable to cold. (rC-)
You float through the air rather than walking.
You learn spells naturally, not from books.
Your magical power is your life essence.
You have superior vitality. (+4 MHP)


Message History

* * * LOW HITPOINT WARNING * * *
The orc closely misses you.
The orc knight roars a battlecry!
The orc priest goes into a battle-frenzy!
Casting: Static Discharge (safe; 1% risk of failure)
Confirm with . or Enter, or press ? or * to list all spells.
The orc knight is struck by an arc of lightning.
The orc knight is heavily wounded.
The orc is struck by an arc of lightning!
You kill the orc!
The orc knight is struck by an arc of lightning.
The orc knight is heavily wounded.
You are struck by an arc of lightning.
* * * LOW HITPOINT WARNING * * *
The lightning grounds out.
* * * LOW HITPOINT WARNING * * *
The orc knight misses you.
Aiming: Stone Arrow (safe; 1% risk of failure)
Press: ? - help, Q - select action, (/) - cycle Shift-Dir - straight line, f - orc priest, p - orc knight
Aim: an orc priest, wielding a +0 hand axe and wearing a +0 scale mail (strong, 81% to hit)
The stone arrow hits the orc priest!
You kill the orc priest!
* * * LOW HITPOINT WARNING * * *
The orc knight hits you with a +1 battleaxe.
* * * LOW HITPOINT WARNING * * *
Unknown command.
Okay, then.
Casting: Stone Arrow (safe; 1% risk of failure)
Confirm with . or Enter, or press ? or * to list all spells.
Aiming: Fireball (dangerous; 1% risk of failure)
Press: ? - help, Shift-Dir - straight line The fireball explodes!
The fireball engulfs the orc knight!!
The orc knight is severely wounded.
* * * LOW HITPOINT WARNING * * *
The orc knight hits you with a +1 battleaxe.
* * * LOW HITPOINT WARNING * * *
You hit the orc knight but do no damage.
The orc knight is severely wounded.
The orc knight hits you with a +1 battleaxe.
You die...

...oo #.#
...)8o###.###########
#......^......)..
###..o.............
......Y..†..########
##########..# #..#
###########o.######
......o@[))........
......)....:.......
###################


You could see an orc knight and an orc.

Vanquished Creatures
  Pikel (D:7)
  A cyclops (D:10)
  2 manticores
  Joseph (D:7)
  Maurice (D:8)
  3 komodo dragons (D:10)
  A kobold demonologist (D:10)
  A troll (D:9)
  A hornet (D:9)
  A vampire (D:10)
  6 yaks
  A human (D:4)
  A wyvern (D:10)
  A shadow (D:10)
  A basilisk (D:10)
  Menkaure (D:7)
  Edmund (D:6)
  3 orc warriors
  3 water moccasins
  A swamp drake (D:10)
  An ice beast (D:5)
  2 sky beasts (D:7)
  A black bear (D:6)
  2 ogres (D:5)
  7 centaurs
  3 lemures
  A phantom (D:6)
  3 kobold brigands
  A gnoll sergeant (D:7)
  A necrophage (D:6)
  5 bullfrogs
  3 scorpions (D:5)
  4 wights (D:7)
  4 howler monkeys
  2 hounds
  2 gnoll shamans
  4 jellies
  9 orc priests
  4 iguanas
  6 orc wizards
  9 adders
  29 gnolls
  2 shadow imps
  An ufetubus (D:6)
  2 worms (D:2)
  2 dart slugs
  54 orcs
  A bat (D:2)
  2 endoplasms
  3 giant cockroaches
  3 goblins
  8 hobgoblins
  13 jackals
  3 quokkas
  3 ball pythons
  A jackal zombie (D:4)
  15 kobolds
  4 rats
252 creatures vanquished.

Vanquished Creatures (others)
  2 plants
2 creatures vanquished.

Grand Total: 254 creatures vanquished

Notes
Turn   | Place    | Note
-------+----------+-------------------------------------------
     0 | D:1      | horus123 the Djinni Cinder Acolyte began the quest for the
                  | Orb.
     0 | D:1      | Reached XP level 1. HP: 20/20 MP: 0/0
   299 | D:1      | Reached XP level 2. HP: 16/25 MP: 0/0
   603 | D:1      | Found a faded altar of an unknown god.
  1046 | D:2      | Reached XP level 3. HP: 12/30 MP: 0/0
  1046 | D:2      | Learned a level 1 spell: Shock
  1826 | D:2      | Identified a scroll of acquirement
  1862 | D:3      | Reached XP level 4. HP: 29/35 MP: 0/0
  1978 | D:3      | Found a shadowy altar of Dithmenos.
  2521 | D:3      | Acquired 534 gold pieces
  2537 | D:3      | Reached XP level 5. HP: 15/40 MP: 0/0
  2537 | D:3      | Learned a level 2 spell: Static Discharge
  3126 | D:4      | Found a runed translucent door.
  3126 | D:4      | Noticed a human
  3130 | D:4      | Found a basalt altar of Yredelemnul.
  3242 | D:4      | Killed a human
  3243 | D:4      | Reached skill level 5 in Spellcasting
  3243 | D:4      | Reached XP level 6. HP: 29/46 MP: 0/0
  3882 | D:4      | You are sucked into a shaft and drop 1 floor!
  3882 | D:5      | Entered Level 5 of the Dungeon
  3960 | D:5      | Noticed an ogre
  4378 | D:5      | Killed an ogre
  4379 | D:5      | Reached XP level 7. HP: 41/50 MP: 0/0
  4379 | D:5      | Learned a level 3 spell: Ozocubu's Armour
  4548 | D:5      | Reached XP level 8. HP: 50/56 MP: 0/0
  4703 | D:5      | Found a stormy altar of Qazlal.
  4945 | D:5      | Found a glowing golden altar of the Shining One.
  5154 | D:5      | Found a sacrificial altar of Ru.
  6051 | D:5      | Reached XP level 9. HP: 28/60 MP: 0/0
  6051 | D:5      | Learned a level 3 spell: Stone Arrow
  6679 | D:6      | Found a hide-covered altar of Uskayaw.
  6719 | D:6      | Found an iron altar of Okawaru.
  7469 | D:6      | Noticed Edmund
  7475 | D:6      | Killed Edmund
  7756 | D:6      | Found a hazy altar of Hepliaklqana.
  7756 | D:6      | Found a bloodstained altar of Trog.
  8313 | D:7      | Reached skill level 10 in Spellcasting
  8494 | D:7      | Reached skill level 4 in Fighting
  8703 | D:7      | Reached XP level 10. HP: 60/69 MP: 0/0
  8748 | D:7      | Reached skill level 5 in Fighting
  8816 | D:7      | Noticed Pikel
  9150 | D:7      | Noticed Joseph
  9451 | D:7      | Killed Pikel
  9452 | D:7      | Reached skill level 7 in Fighting
  9632 | D:7      | Noticed Menkaure
  9636 | D:7      | Killed Menkaure
  9657 | D:7      | Killed Joseph
  9658 | D:7      | Reached skill level 8 in Fighting
  9909 | D:7      | Found a staircase to the Ecumenical Temple.
 11052 | D:8      | Noticed Maurice
 11055 | D:8      | Killed Maurice
 11056 | D:8      | Reached skill level 9 in Fighting
 12849 | D:9      | Reached XP level 11. HP: 76/85 MP: 0/0
 12849 | D:9      | Learned a level 5 spell: Fireball
 12856 | D:9      | Reached skill level 10 in Fighting
 13242 | D:9      | Found a shimmering altar of Xom.
 13376 | D:9      | Reached skill level 11 in Fighting
 13788 | D:10     | Entered Level 10 of the Dungeon
 13792 | D:10     | Noticed a manticore
 13796 | D:10     | Killed a manticore
 14030 | D:10     | Noticed a sixfirhy
 14495 | D:10     | Reached skill level 12 in Fighting
 14545 | D:10     | Noticed a cyclops
 14549 | D:10     | Killed a cyclops
 14796 | D:10     | Found a staircase to the Lair.
 14942 | D:11     | Noticed a manticore
 14945 | D:11     | Killed a manticore
 15054 | D:11     | Noticed an orc knight
 15417 | D:11     | HP: 1/89 [orc knight/+1 battleaxe (2)]
 15418 | D:11     | Slain by an orc knight

Illustrated notes

Levels and vault maps discovered:
D:1:      ncdulo_lavacross, layout_basic,
          shapermc_ecumenical_altar_mp_urbaneastern
D:2:      layout_loops_ring
D:3:      layout_loops_cross, mainiacjoe_overflow_concentric_impassable,
          minivault_24, kennysheep_generic_room_13
D:4:      layout_loops_cross, dk_yredelemnul_ordeal, serial_forest,
          infiniplex_forest_clump_long, infiniplex_forest_lined_room_2,
          infiniplex_forest_straight_5, infiniplex_forest_lined_2,
          infiniplex_forest_end_3, hangedman_abyss_or_decor_stagger,
          corexii_shack
D:5:      lemuel_castle_with_subvaults [lemuel_castle_interior_carwin_3],
          layout_cave_pools, nicolae_ru_awakened_eye, lemuel_tele_altar,
          tso_altar, mainiacjoe_overflow_24_doors, minmay_increasing_density
D:6:      layout_basic, mainiacjoe_overflow_catch_the_wave,
          gammafunk_temple_overflow_wave, uniq_edmund
D:7:      layout_cave_pools, lemuel_temple_firewalk_b, uniq_pikel, uniq_joseph,
          uniq_menkaure
D:8:      layout_loops_ring, nicolae_concentric_dashed_squares_mild,
          dreamdust_mushroom_princess, uniq_maurice
D:9:      layout_loops_cross, lemuel_crystal_altar, chequers_serial_rivers_marsh
D:10:     layout_rooms, erik_lair_dragon
D:11:     layout_long_grid, david_orc_5, serial_shops, shop,
          ashenzari_conservatory_becter, uniq_psyche

Skill      XL: |  1  2  3  4  5  6  7  8  9 10 11 |
---------------+----------------------------------+-----
Spellcasting   | 3 4 5 6 8 10 | 10.8
Fighting       | 4 9 12 | 12.0
Long Blades    | |  2.6

Action                   |  1- 3 |  4- 6 |  7- 9 | 10-12 || total
-------------------------+-------+-------+-------+-------++-------
Melee: Falchion          |    30 |       |       |       ||    30
       Rapier            |     4 |    18 |     1 |     2 ||    25
 Cast: Scorch            |    23 |    47 |   149 |       ||   219
       Shock             |     1 |     5 |     8 |     2 ||    16
       Static Discharge  |       |     1 |    10 |     3 ||    14
       Stone Arrow       |       |       |    19 |   158 ||   177
       Fireball          |       |       |       |    10 ||    10
       Ozocubu's Armour  |       |       |       |     1 ||     1
Evoke: Wand              |       |       |     3 |       ||     3
  Use: Scroll            |     4 |     5 |     4 |     6 ||    19
       Potion            |       |       |    10 |     2 ||    12
Armor: Robe              |     8 |    16 |    12 |    14 ||    50
Dodge: Dodged            |    31 |    30 |    50 |    51 ||   162

Table legend: (Time is in decaauts)
 A = Elapsed time spent in this place.
 B = Non-inter-level travel time spent in this place.
 C = Inter-level travel time spent in this place.
 D = Time resting spent in this place.
 E = Time spent auto-exploring this place.
 F = Levels seen in this place.
 G = Mean time per level.
                   A        B        C        D        E       F      G
               +--------+--------+--------+--------+--------+-----+--------+
         Total |  15427 |  15111 |    316 |   4026 |   9403 |  11 | 1402.5 |
       Dungeon |  15427 |  15111 |    316 |   4026 |   9403 |  11 | 1402.5 |
               +--------+--------+--------+--------+--------+-----+--------+

Top non-repeatable levels by time:
     D:5: 2325 daAuts
     D:8: 2213 daAuts
     D:6: 1826 daAuts
     D:7: 1599 daAuts
     D:9: 1532 daAuts
    D:10: 1479 daAuts
     D:4: 1374 daAuts
     D:3: 1078 daAuts
     D:1: 968 daAuts
     D:2: 880 daAuts
    D:11: 149 daAuts
